 Dungeon Crawl Stone Soup version 0.29-a0-1047-g7c58e119a4 (webtiles) character file.

Game seed: 15010731827743473182

11235 Sobieck the Grappler (level 11, -9/107 HPs)
             Began as a Troll Fighter on Aug 16, 2022.
             Was a Priest of Ru.
             Mangled by a 12-headed hydra (14 damage)
             ... on level 10 of the Dungeon.
             The game lasted 00:24:02 (9236 turns).

Sobieck the Grappler (Troll Fighter)                Turns: 9236, Time: 00:24:03

Health: -9/107     AC:  6    Str: 30    XL:     11   Next: 46%
Magic:  10/10      EV: 14    Int:  4    God:    Ru [***...]
Gold:   808        SH: 10    Dex:  9    Spells: 10/10 levels left

rFire   . . .      SeeInvis .     - Unarmed
rCold   . . .      Faith    .   b - +1 kite shield
rNeg    + . .      Spirit   .   J - +0 troll leather armour
rPois   .          Reflect  .   (helmet restricted)
rElec   .          Harm     .   (no cloak)
rCorr   .          Rampage  .   (gloves unavailable)
Will    .....                   (boots unavailable)
Stlth   +.........              q - amulet of the acrobat
HPRegen 1.87/turn               A - ring of positive energy
MPRegen 0.12/turn               I - +4 ring of evasion

@: mighty
A: large, unfitting armour, claws 3, regeneration 1, shaggy fur 1, tough skin 1,
inability to use devices, hated by all
a: Renounce Religion, Sacrifice Skill, Sacrifice Durability, Sacrifice
Experience, Reject Sacrifices, Draw Out Power


You were on level 10 of the Dungeon.
You worshipped Ru.
Ru was most pleased with you.
You visited 2 branches of the dungeon, and saw 12 of its levels.

You collected 808 gold pieces.


Innate Abilities, Weirdness & Mutations

You are too large for most types of armour.
You have claws for hands.
Your natural rate of healing is unusually fast.
You are covered in fur. (AC +1)
You have tough skin. (AC +1)
You cannot study or use magical devices.
You are hated by all.


   Skills:
 + Level 6.6 Fighting
 + Level 4.5 Throwing
 - Level 4.0 Armour
 + Level 6.6 Dodging
 + Level 6.9 Shields
 * Level 11.5 Unarmed Combat


You had 10 spell levels left.
You didn't know any spells.
Your spell library contained the following spells:

 Spells                   Type           Power      Damage    Failure   Level
 Ozocubu's Armour         Ice            0%         N/A       98%         3
 Portal Projectile        Hex/Tloc       0%         N/A       98%         3
 Leda's Liquefaction      Hex/Erth       0%         N/A       100%        4
 Metabolic Englaciation   Hex/Ice        0%         N/A       100%        5
 Call Canine Familiar     Summ           Unusable   N/A       N/A         3
 Simulacrum               Ice/Necr       Unusable   N/A       N/A         6

Inventory:

Hand Weapons
 h - a +0 dagger {short}
   (You took it off a kobold on level 1 of the Dungeon)
 p - a +0 dagger {short}
   (You found it on level 2 of the Dungeon)
 r - a +0 dagger {short}
   (You took it off a goblin on level 2 of the Dungeon)
 t - a +0 club {mace}
   (You took it off a goblin on level 2 of the Dungeon)
 v - a +0 short sword {short}
   (You took it off a kobold on level 2 of the Dungeon)
 w - a +0 club {mace}
   (You took it off a goblin on level 2 of the Dungeon)
 y - a +0 hand axe {axe}
   (You found it on level 2 of the Dungeon)
 z - a +0 short sword {short}
   (You found it on level 3 of the Dungeon)
 D - a +0 short sword {short}
   (You found it on level 3 of the Dungeon)
Missiles
 j - 67 stones {throwing}
 u - 4 boomerangs {throwing}
 x - 3 curare-tipped darts {=fthrowing}
 G - 9 poisoned darts (quivered) {throwing}
Armour
 b - a +1 kite shield (worn)
 J - a +0 troll leather armour (worn)
   (You found it on level 10 of the Dungeon)
 Q - a +0 robe
   (You took it off an orc wizard on level 6 of the Dungeon)
 R - a +0 robe
   (You took it off Pikel on level 6 of the Dungeon)
 S - a +0 robe
   (You took it off an orc wizard on level 6 of the Dungeon)
 Y - a +0 robe
   (You found it on level 7 of the Dungeon)
 Z - a +0 robe
   (You took it off an orc wizard on level 7 of the Dungeon)
Jewellery
 d - a ring of fire
   (You found it on level 1 of the Dungeon)
 q - an amulet of the acrobat (around neck)
   (You found it on level 9 of the Dungeon)
 s - a ring of resist corrosion
   (You took it off a goblin on level 4 of the Dungeon)
 A - a ring of positive energy (left claw)
   (You found it on level 5 of the Dungeon)
 I - a +4 ring of evasion (right claw)
   (You found it on level 5 of the Dungeon)
 P - an amulet of magic regeneration {@e2}
   (You found it on level 8 of the Dungeon)
 V - a +6 ring of intelligence
   (You found it on level 7 of the Dungeon)
 W - a ring of see invisible
   (You found it on level 7 of the Dungeon)
Wands
 C - a wand of iceblast (12)
   (You found it on level 3 of the Dungeon)
Scrolls
 a - 2 scrolls of fear
 e - 6 scrolls of teleportation {@r4}
 f - 2 scrolls of summoning {unknown}
 g - a scroll of amnesia {unknown}
 m - 4 scrolls of enchant weapon
 B - 2 scrolls of noise {!r}
 F - a scroll of brand weapon {unknown}
 M - 5 scrolls of vulnerability {!r!r}
 N - a scroll of magic mapping {!r}
 U - a scroll of enchant armour
 X - a scroll of acquirement {unknown}
Potions
 c - 3 potions of might
 i - 3 potions of curing {@q1}
 k - 2 potions of brilliance
 l - a potion of degeneration {!q@e2}
 n - 2 potions of magic
 o - 3 potions of haste {@q3}
 E - a potion of heal wounds {@q2}
 H - 5 potions of cancellation
 K - 3 potions of flight
 L - 2 potions of attraction {!q}
 O - a potion of mutation {unknown}
 T - 2 potions of lignification {!q}

Dungeon Overview and Level Annotations

Branches:
Dungeon (11/15) Zot: 26902  Temple (1/1) D:4 Zot: 5943    Lair (0/5) D:9
    Orc: D:9-12

Altars:
Ashenzari
Cheibriados
Dithmenos
Elyvilon
Gozag
Kikubaaqudgha
Makhleb
Nemelex Xobeh
Okawaru
Qazlal
Ru
Sif Muna
Trog
Vehumet
Wu Jian
Xom
Zin
The Shining One

Shops:
D:9 =

Annotations:
D:6 3 runed translucent doors, ytrimaz's ghost, novice DsTm

.........###......# #....+.......
.........# #......# ######.......
+######### #......# ########
.......# ##.##### ######.# #.##
#.# #..# ######.### ###.#######
.........###.........#
...........#....@....#
.........#.#....D....#
.........#...........# ####
.........###........[#########...
.........# #...................##
.........# #.........###########
.......[.# #...[.....# .........#
#.........# .........#
#.........#


You could see a 12-headed hydra.


Message History

A komodo dragon comes into view.
Danger!
A komodo dragon is nearby!
The komodo dragon hisses angrily.
You mangle the komodo dragon!!
The komodo dragon completely misses you.
You claw the komodo dragon! The komodo dragon closely misses you.
You mangle the komodo dragon!!
You kill the komodo dragon!
No target in view!
You now have 808 gold pieces (gained 17).
A troll comes into view.
The troll shouts!
Danger!
A six-headed hydra comes into view.
The six-headed hydra roars!
A howler monkey comes into view.
The howler monkey howls!
Unknown command.
The howler monkey hoots and howls with incredible vigour!
You hear a roar!
You hear two shouts!
You hear a roar!
You hear a shout!
The six-headed hydra attacks as you move away!
The six-headed hydra is stunned by your conviction and fails to attack.
There is a stone staircase leading up here.
Unknown command.
The six-headed hydra bites you.
You block the six-headed hydra's attack.
The six-headed hydra bites you. x2; The six-headed hydra misses you.
You block the six-headed hydra's attack.
You climb upwards.
There is a stone staircase leading down here.
Unknown command.
Unknown command.
You rip one of the six-headed hydra's heads off!
The five-headed hydra grows two more!
You claw the seven-headed hydra!
You block the seven-headed hydra's attack.
The seven-headed hydra bites you!
The seven-headed hydra closely misses you.
The seven-headed hydra bites you.
The seven-headed hydra barely misses you.
The seven-headed hydra bites you but does no damage. x2
You rip one of the seven-headed hydra's heads off!
The six-headed hydra grows two more!
You mangle the eight-headed hydra!!
Unknown command.
You tear one of the eight-headed hydra's heads off!
The seven-headed hydra grows two more!
You claw the nine-headed hydra!
The nine-headed hydra is stunned by your conviction and fails to attack.
The nine-headed hydra closely misses you.
The nine-headed hydra bites you!
You block the nine-headed hydra's attack.
The nine-headed hydra closely misses you.
The nine-headed hydra misses you. The nine-headed hydra bites you!
You block the nine-headed hydra's attack.
The nine-headed hydra misses you.
You block the nine-headed hydra's attack.
You barely miss the nine-headed hydra.
You block the nine-headed hydra's attack.
The nine-headed hydra bites you.
The nine-headed hydra completely misses you.
The nine-headed hydra barely misses you.
The nine-headed hydra bites you.
The nine-headed hydra bites you but does no damage.
You block the nine-headed hydra's attack. x3
Unknown command.
You rip one of the nine-headed hydra's heads off!
The eight-headed hydra grows two more!
You mangle the ten-headed hydra!!
You block the ten-headed hydra's attack.
The ten-headed hydra bites you!
The ten-headed hydra closely misses you.
The ten-headed hydra bites you!
* * * LOW HITPOINT WARNING * * *
The ten-headed hydra barely misses you.
You block the ten-headed hydra's attack.
The ten-headed hydra barely misses you. The ten-headed hydra bites you!
* * * LOW HITPOINT WARNING * * *
You block the ten-headed hydra's attack.
The ten-headed hydra bites you but does no damage.
Unknown command.
You feel very mighty all of a sudden. The ten-headed hydra bites you.
* * * LOW HITPOINT WARNING * * *
The ten-headed hydra bites you.
* * * LOW HITPOINT WARNING * * *
The ten-headed hydra closely misses you.
You block the ten-headed hydra's attack.
The ten-headed hydra barely misses you. The ten-headed hydra bites you.
* * * LOW HITPOINT WARNING * * *
The ten-headed hydra closely misses you.
The ten-headed hydra bites you!
* * * LOW HITPOINT WARNING * * *
You block the ten-headed hydra's attack. x2
You tear one of the ten-headed hydra's heads off!
The nine-headed hydra grows two more!
You scratch the 11-headed hydra.
You claw one of the 11-headed hydra's heads off!
The ten-headed hydra grows two more!
You mangle the 12-headed hydra!! The 12-headed hydra bites you!
* * * LOW HITPOINT WARNING * * *
The 12-headed hydra bites you but does no damage.
The 12-headed hydra bites you!
You die...

Skill      XL: |  1  2  3  4  5  6  7  8  9 10 11 |
---------------+----------------------------------+-----
Armour         | 1 2 3 4 |  4.0
Shields        | 3 4 5 6 |  6.9
Unarmed Combat | 3 4 5 7 9 10 11 | 11.5
Fighting       | 3 4 5 6 |  6.6
Dodging        | 3 4 5 6 |  6.6
Throwing       | 1 3 4 |  4.5

Action                   |  1- 3 |  4- 6 |  7- 9 | 10-12 || total
-------------------------+-------+-------+-------+-------++-------
Melee: Unarmed           |    71 |   172 |   407 |   240 ||   890
Throw: Stone             |       |       |     3 |       ||     3
       Dart              |       |       |       |     8 ||     8
Invok: Sacrifice Artific |       |       |     1 |       ||     1
       Sacrifice Love    |       |       |     1 |       ||     1
  Use: Scroll            |       |    15 |     5 |     2 ||    22
       Potion            |       |       |       |     3 ||     3
 Stab: Distracted        |       |       |     1 |       ||     1
       Petrified         |       |       |       |     3 ||     3
       Invisible         |       |       |       |     4 ||     4
       Petrifying        |       |       |       |     1 ||     1
Armor: Robe              |    22 |    25 |    64 |    22 ||   133
       Troll leather arm |       |       |       |    17 ||    17
Dodge: Dodged            |    19 |    54 |   184 |   146 ||   403
Block: Kite shield       |    16 |    67 |   170 |   131 ||   384

Levels and vault maps discovered:
D:1:      heliophobic_arrival_henge, layout_rooms
D:2:      layout_loops_ring, hangedman_feature_mirror
D:3:      layout_rooms, uniq_robin
D:4:      minmay_goblin_kobold_castle, layout_basic,
          minmay_temple_entry_overgrown
D:5:      layout_loops_ring, mainiacjoe_overflow_brackets,
          serial_co_window_serial, co_window_cross_1, co_window_corner_a,
          co_window_paths_a, co_window_paths_a, co_window_of_opportunity_a,
          co_window_of_opportunity_a, co_window_paths_b, co_window_cross_2,
          co_window_of_opportunity_b, co_window_unsneaky_path_e,
          co_window_corner_ca, co_window_corner_cb, co_window_2corner,
          co_window_4corner_b, co_window_paths_e, glass_columns_b,
          glass_columns_a, glass_columns_c, glass_columns_b,
          minmay_misc_feat_columns, serial_bayou_crossing
D:6:      layout_rooms, yredelemnul_altar_generic, gammafunk_ghost_split,
          uniq_edmund
D:7:      layout_rooms, elyvilon_altar_5, uniq_pikel, uniq_duvessa
D:8:      layout_basic, mainiacjoe_overflow_large_starburst
D:9:      layout_stronghold, overflow_temple_1_default, erik_lair_dragon,
          nicolae_shop_unique_rings, uniq_erica
D:10:     layout_roguey, kennysheep_generic_room_6
D:11:     minmay_the_grid_square_5x5_4x4_mashed
          [minmay_the_grid_square_5x5_misaligned,
          minmay_the_grid_square_5x5_doubleslash,
          minmay_the_grid_square_5x5_three,
          minmay_the_grid_square_5x5_hollow_slash,
          minmay_the_grid_square_5x5_minivault,
          minmay_the_grid_square_5x5_prize_waves,
          minmay_the_grid_square_5x5_prize_rear_guard,
          minmay_the_grid_square_5x5_minimal,
          minmay_the_grid_square_5x5_inner_v,
          minmay_the_grid_square_5x5_prize_junk,
          minmay_the_grid_square_5x5_prize_monsterx,
          minmay_the_grid_square_5x5_two_walls_b,
          minmay_the_grid_square_5x5_checkered, minmay_the_grid_square_5x5_v,
          minmay_the_grid_square_5x5_inner_i,
          minmay_the_grid_square_5x5_tri_point], layout_irregular_city,
          nicolae_dithmenos_shadow_blocks, uniq_psyche
Temple:   nicolae_temple_bog_church

Notes
Turn   | Place    | Note
-------+----------+-------------------------------------------
     0 | D:1      | Sobieck the Troll Fighter began the quest for the Orb.
     0 | D:1      | Reached XP level 1. HP: 22/22 MP: 0/0
   277 | D:1      | Reached XP level 2. HP: 29/29 MP: 1/1
   284 | D:1      | You pick up a book of Winter and begin reading...
   284 | D:1      | You add the spells Ozocubu's Armour, Metabolic Englaciation
                  | and Simulacrum to your library.
   783 | D:2      | Reached XP level 3. HP: 36/36 MP: 2/2
  1243 | D:3      | Noticed a phantom
  1260 | D:3      | HP: 8/36 [phantom (4)]
  1263 | D:3      | Killed a phantom
  1264 | D:3      | Reached skill level 1 in Armour
  1264 | D:3      | Reached skill level 3 in Shields
  1264 | D:3      | Reached skill level 3 in Unarmed Combat
  1264 | D:3      | Reached XP level 4. HP: 11/44 MP: 3/3
  1265 | D:3      | HP: 6/44 [gnoll/+0 flail (6)]
  1268 | D:3      | HP: 1/44 [gnoll/+0 flail (9)]
  1281 | D:3      | Noticed a scorpion
  1301 | D:3      | Killed a scorpion
  1302 | D:3      | Reached skill level 3 in Fighting
  1302 | D:3      | Reached skill level 3 in Dodging
  1302 | D:3      | Reached XP level 5. HP: 22/53 MP: 4/4
  1388 | D:3      | Noticed Robin
  1430 | D:2      | Killed Robin
  1655 | D:3      | Reached skill level 4 in Unarmed Combat
  1664 | D:3      | Reached XP level 6. HP: 61/61 MP: 5/5
  1926 | D:4      | Found a staircase to the Ecumenical Temple.
  1935 | Temple   | Entered the Ecumenical Temple
  1971 | Temple   | Became a worshipper of Ru the Awakened
  2466 | D:4      | You pick up a book of the Hunter and begin reading...
  2466 | D:4      | You add the spells Call Canine Familiar, Portal Projectile
                  | and Leda's Liquefaction to your library.
  2523 | D:4      | Reached skill level 2 in Armour
  2713 | D:4      | Reached XP level 7. HP: 58/67 MP: 6/6
  2770 | D:4      | HP: 16/67 [poisoned by a scorpion]
  2961 | D:4      | Reached skill level 5 in Unarmed Combat
  2984 | D:4      | Reached skill level 4 in Shields
  3250 | D:5      | Entered Level 5 of the Dungeon
  3460 | D:5      | Found a burning altar of Makhleb.
  3688 | D:5      | Gained mutation: You cannot study or use magical devices.
                  | [Ru sacrifice]
  3688 | D:5      | Reached * piety under Ru
  3688 | D:5      | Reached ** piety under Ru
  3842 | D:5      | Reached XP level 8. HP: 76/78 MP: 7/7
  3843 | D:5      | Reached skill level 4 in Dodging
  4049 | D:5      | Reached skill level 4 in Fighting
  4335 | D:5      | Reached skill level 3 in Armour
  4335 | D:5      | Reached skill level 6 in Unarmed Combat
  4736 | D:6      | Found a basalt altar of Yredelemnul.
  4839 | D:6      | Noticed Edmund
  4852 | D:6      | Killed Edmund
  4853 | D:6      | Reached skill level 5 in Shields
  4853 | D:6      | Reached skill level 7 in Unarmed Combat
  4889 | D:6      | Found a runed translucent gate.
  4890 | D:6      | Found a runed translucent gate.
  4890 | D:6      | Noticed ytrimaz's ghost (novice DsTm)
  4959 | D:6      | Found a runed translucent gate.
  5164 | D:7      | Found a white marble altar of Elyvilon.
  5165 | D:7      | Noticed Duvessa
  5165 | D:7      | Noticed Dowan
  5180 | D:7      | Killed Duvessa
  5181 | D:7      | Reached XP level 9. HP: 64/85 MP: 8/8
  5229 | D:7      | Killed Dowan
  5293 | D:7      | Noticed Pikel
  5496 | D:6      | Killed Pikel
  5497 | D:6      | Reached skill level 5 in Fighting
  5497 | D:6      | Reached skill level 4 in Armour
  5497 | D:6      | Reached skill level 5 in Dodging
  5497 | D:6      | Reached skill level 8 in Unarmed Combat
  5531 | D:7      | Identified the +0 ring mail "Pumuwk" {rC+}
  5619 | D:7      | Reached skill level 9 in Unarmed Combat
  5857 | D:7      | Gained mutation: You are hated by all. [Ru sacrifice]
  5857 | D:7      | Reached *** piety under Ru
  5992 | D:8      | Found an ancient bone altar of Kikubaaqudgha.
  6075 | D:7      | Reached skill level 1 in Throwing
  6090 | D:8      | Found a glowing silver altar of Zin.
  6251 | D:8      | HP: 18/88 [steam dragon] (5)]
  6257 | D:8      | HP: 2/88 [orc priest/divine providence (14)]
  6497 | D:8      | Reached XP level 10. HP: 77/96 MP: 9/9
  6794 | D:9      | Reached skill level 2 in Throwing
  6851 | D:9      | Noticed Erica
  6862 | D:9      | Killed Erica
  6863 | D:9      | Reached skill level 10 in Unarmed Combat
  7003 | D:9      | Reached skill level 3 in Throwing
  7003 | D:9      | Reached skill level 6 in Shields
  7111 | D:9      | Reached skill level 6 in Dodging
  7212 | D:9      | Reached skill level 6 in Fighting
  7220 | D:9      | Found a staircase to the Lair.
  7321 | D:9      | Found a stormy altar of Qazlal.
  8010 | D:9      | HP: 22/98 [poisoned by a killer bee]
  8015 | D:9      | HP: 17/98 [poisoned by a killer bee]
  8142 | D:9      | Found Gedilore's One-of-a-Kind Rings.
  8277 | D:10     | Entered Level 10 of the Dungeon
  8320 | D:9      | Reached XP level 11. HP: 92/105 MP: 10/10
  8391 | D:10     | Reached skill level 11 in Unarmed Combat
  8409 | D:10     | Identified the +1 short sword "Qiboi" {freeze, Int+4 SInv}
  8486 | D:10     | Reached skill level 4 in Throwing
  8831 | D:10     | Noticed a two-headed ogre
  8842 | D:10     | Killed a two-headed ogre
  9152 | D:11     | Found a shadowy altar of Dithmenos.
  9213 | D:11     | Noticed a six-headed hydra
  9234 | D:10     | HP: 17/107 [ten-headed hydra (10)]
  9236 | D:10     | HP: 5/107 [12-headed hydra (15)]
  9236 | D:10     | Mangled by a 12-headed hydra

Vanquished Creatures
  A two-headed ogre (D:10)
  Erica (D:9)
  Pikel (D:6)
  A gargoyle (D:10)
  An unseen horror (D:10)
  4 komodo dragons
  3 trolls
  A slime creature (D:10)
  A shadow (D:9)
  A wyvern (D:9)
  10 yaks
  2 basilisks (D:9)
  A steam dragon (D:8)
  4 vampire mosquitoes (D:10)
  Edmund (D:6)
  A water moccasin (D:6)
  3 acid dragons
  Duvessa (D:7)
  4 orc warriors
  2 black bears (D:5)
  2 ice beasts
  5 centaurs
  3 ogres
  A phantom (D:3)
  3 lemures (D:6)
  2 bullfrogs (D:9)
  6 scorpions
  A gnoll sergeant (D:10)
  7 wights
  Dowan (D:7)
  5 killer bees (D:9)
  8 orc priests
  5 hounds
  2 jellies (D:5)
  A gnoll bouda (D:4)
  3 iguanas
  11 orc wizards
  Robin (D:2)
  32 gnolls
  6 adders
  2 shadow imps
  2 white imps
  An ufetubus (D:5)
  A worm (D:3)
  3 dart slugs
  19 orcs
  4 ball pythons
  4 bats
  2 endoplasms
  5 giant cockroaches
  37 goblins
  24 hobgoblins
  3 kobolds
  4 quokkas
  3 frilled lizards
  3 rats
266 creatures vanquished.

Vanquished Creatures (others)
  A centaur (D:6)
  A gnoll bouda (D:6)
2 creatures vanquished.

Grand Total: 268 creatures vanquished

Table legend:
 A = Non-vault XP
 B = Vault XP
 C = Vault XP percentage of total XP
 D = Non-vault monster count
 E = Vault monster count
 F = Vault count percentage of total count
                 A         B        C        D         E       F
            +---------+---------+-------+---------+---------+-------
      Total |   11694 |    4357 |  27.1 |     183 |      82 |  30.9
            +---------+---------+-------+---------+---------+-------
        D:1 |      18 |       0 |   0.0 |      11 |       0 |   0.0
        D:2 |      23 |      25 |  52.1 |       8 |       6 |  42.9
        D:3 |     392 |      14 |   3.4 |      20 |       7 |  25.9
        D:4 |     270 |     240 |  47.1 |      15 |      56 |  78.9
        D:5 |     880 |       0 |   0.0 |      19 |       0 |   0.0
        D:6 |     954 |     798 |  45.5 |      28 |       2 |   6.7
        D:7 |     815 |     216 |  21.0 |      16 |       2 |  11.1
        D:8 |     976 |       0 |   0.0 |      16 |       0 |   0.0
        D:9 |    2895 |    2499 |  46.3 |      26 |       7 |  21.2
       D:10 |    3993 |     565 |  12.4 |      22 |       2 |   8.3
       D:11 |     478 |       0 |   0.0 |       2 |       0 |   0.0
            +---------+---------+-------+---------+---------+-------

Illustrated notes

Table legend:
 A = Kills in this place as a percentage of kills in entire the game.
 B = Kills by you in this place as a percentage of kills by you in the entire game.
 C = Kills by friends in this place as a percentage of kills by friends in the entire game.
 D = Other kills in this place as a percentage of other kills in the entire game.
 E = Experience gained in this place as a percentage of experience gained in the entire game.
 F = Experience gained in this place divided by the number of levels of this place that you have seen.
                   A       B       C       D       E      F
               +-------+-------+-------+-------+-------+----------------------
         Total | 100.0 | 100.0 |   N/A | 100.0 | 100.0 | 1337.6
       Dungeon | 100.0 | 100.0 |   N/A | 100.0 | 100.0 | 1459.2
               +-------+-------+-------+-------+-------+----------------------

Table legend: (Time is in decaauts)
 A = Elapsed time spent in this place.
 B = Non-inter-level travel time spent in this place.
 C = Inter-level travel time spent in this place.
 D = Time resting spent in this place.
 E = Time spent auto-exploring this place.
 F = Levels seen in this place.
 G = Mean time per level.
                   A        B        C        D        E       F      G
               +--------+--------+--------+--------+--------+-----+--------+
         Total |   9256 |   8884 |    372 |    765 |   5827 |  12 |  771.3 |
       Dungeon |   9199 |   8847 |    352 |    765 |   5818 |  11 |  836.3 |
        Temple |     56 |     36 |     20 |      0 |      9 |   1 |   56.0 |
               +--------+--------+--------+--------+--------+-----+--------+

Top non-repeatable levels by time:
     D:9: 1749 daAuts
     D:4: 1354 daAuts
     D:5: 1212 daAuts
     D:6: 906 daAuts
    D:10: 853 daAuts
     D:3: 776 daAuts
     D:7: 632 daAuts
     D:2: 589 daAuts
     D:1: 528 daAuts
     D:8: 506 daAuts
    D:11: 88 daAuts
  Temple: 56 daAuts
